 Dungeon Crawl Stone Soup version 0.26-a0-946-g9485abf61d (webtiles) character file.

Game seed: 964120994415805033

856 ANON1729 the Ruffian (level 7, 0/57 HPs)
             Began as a Purple Draconian Transmuter on Nov 27, 2020.
             Was an Initiate of Fedhas.
             Slain by Grinder (7 damage)
             ... on level 5 of the Dungeon on Nov 28, 2020.
             The game lasted 00:07:40 (6253 turns).

ANON1729 the Ruffian (Purple Draconian Transmuter)  Turns: 6253, Time: 00:07:40

Health: 0/57       AC:  2    Str: 12    XL:     7   Next: 70%
Magic:  3/13       EV: 17    Int: 16    God:    Fedhas [......]
Gold:   176        SH:  0    Dex: 16    Spells: 4/14 levels left

rFire    . . .     SeeInvis .     - Unarmed
rCold    + . .     Faith    .   (shield currently unavailable)
rNeg     . . .     Spirit   .   (armour unavailable)
rPois    x         Reflect  .   (helmet currently unavailable)
rElec    .         Harm     .   (cloak currently unavailable)
rCorr    .         Rampage  .   (gloves currently unavailable)
MR       +....                  (boots currently unavailable)
Stlth    +.........             (no amulet)
HPRegen  0.19/turn              l - ring of protection from cold
MPRegen  0.13/turn              e - -4 ring of evasion (curse)

@: mighty, short of breath, spider-form, very slightly contaminated
A: tiny, (breathe power), unfitting armour, AC +6
a: End Transformation, Renounce Religion


You were on level 5 of the Dungeon.
You worshipped Fedhas.
Fedhas was noncommittal.
You were a venomous arachnid creature.
You visited 2 branches of the dungeon, and saw 6 of its levels.

You collected 176 gold pieces.

Inventory:

Missiles
 g - 8 poisoned darts (quivered)
Jewellery
 a - an uncursed ring of resist corrosion
 c - an uncursed ring of stealth
 e - a cursed -4 ring of evasion (right front leg)
 l - a ring of protection from cold (left front leg)
 n - an uncursed ring of see invisible
 q - a +4 ring of protection
Wands
 s - a wand of flame (19)
 v - a wand of random effects (16)
Scrolls
 b - a scroll of magic mapping {unknown}
 d - 8 scrolls of identify {unknown}
 f - 3 scrolls of enchant weapon {unknown}
 i - 2 scrolls of remove curse {unknown}
 m - 2 scrolls of amnesia {unknown}
 o - 2 scrolls of enchant armour {unknown}
 r - a scroll of teleportation {unknown}
Potions
 h - 2 potions of curing
 p - a potion of heal wounds {unknown}
 t - a potion of brilliance {unknown}
 u - a potion of haste {unknown}


   Skills:
 + Level 3.5 Fighting
 + Level 3.3 Dodging
 * Level 5.2 Unarmed Combat
 + Level 4.2 Spellcasting
 * Level 4.7 Transmutations
 + Level 1.9 Poison Magic
 * Level 0.0 Invocations
 + Level 1.2 Evocations


You had 4 spell levels left.
You knew the following spells:

 Your Spells              Type           Power        Failure   Level
a - Beastly Appendage     Tmut           ###...       9%          1
b - Wereblood             Tmut           ###.....     12%         2
c - Spider Form           Tmut/Pois      ##........   28%         3
d - Ice Form              Ice/Tmut       ##......     73%         4

Your spell library contained the following spells:

 Spells                   Type           Power        Failure   Level
 Blade Hands              Tmut           ###.......   75%         5


Dungeon Overview and Level Annotations

Branches:
Dungeon (5/15)             Temple (1/1) D:5

Altars:
Cheibriados
Elyvilon
Fedhas
Gozag
Hepliaklqana
Kikubaaqudgha
Nemelex Xobeh
Okawaru
Qazlal
Ru
Sif Muna
Trog
Uskayaw
Vehumet
Wu Jian
Yredelemnul
Zin
The Shining One

Annotations:
D:4 2 transporters
D:5 Grinder


Innate Abilities, Weirdness & Mutations

((You can breathe bolts of dispelling energy.))
((Your rich purple scales are hard. (AC +6)))
You cannot fit into any form of body armour.
((You are cold-blooded and may be slowed by cold attacks.))


Message History

* * * LOW HITPOINT WARNING * * *
You writhe in agony.
* * * LOW HITPOINT WARNING * * *
Grinder gestures at you. Pain shoots through your body!
* * * LOW HITPOINT WARNING * * *
Grinder hits you.
* * * LOW HITPOINT WARNING * * *
You writhe in agony.
* * * LOW HITPOINT WARNING * * *
You can move again.
Casting: Ice Form (quite dangerous; 52% risk of failure)
Confirm with . or Enter, or press ? or * to list all spells.
You turn into a venomous arachnid creature.
Grinder says, "At least Makhleb appreciates what I'm doing."
Grinder misses you. Grinder hits you.
* * * LOW HITPOINT WARNING * * *
You feel better. Grinder hits you!
You die...
Fedhas appreciates your contribution to the ecosystem.

##........ ...
###......... ...
##........... ....
##............ #....
##............# #...#
###............##
#...##..........P.P.#
#...5......###..>..#
###.s....### #.P.P.#
##...### #.......
#..## ...>..... #..#
.......... ##.#
............ #.#
...........# #..
..........## #.


You could see Grinder (fast).

Vanquished Creatures
  Sigmund (D:4)
  Edmund (D:4)
  2 ogres
  A centaur (D:5)
  A howler monkey (D:4)
  A hound (D:4)
  Jessica (D:2)
  3 worker ants (D:4)
  5 adders
  An ooze (D:1)
  6 worms
  A dart slug (D:2)
  2 leopard geckos (D:3)
  13 orcs (D:3)
  A ball python (D:3)
  4 giant cockroaches
  8 goblins
  8 hobgoblins
  10 jackals
  3 quokkas
  3 bats
  3 frilled lizards
  7 kobolds
  A quokka skeleton (D:4)
  11 rats
98 creatures vanquished.

Notes
Turn   | Place    | Note
-------+----------+-------------------------------------------
     0 | D:1      | ANON1729 the Draconian Transmuter began the quest for the
                  | Orb.
     0 | D:1      | Reached XP level 1. HP: 16/16 MP: 3/3
   158 | D:1      | Reached XP level 2. HP: 17/23 MP: 5/5
  1290 | D:2      | Found an iron altar of Okawaru.
  1300 | D:2      | Upgraded the game from 0.26-a0-937-g67df3f2acb to
                  | 0.26-a0-946-g9485abf61d
  1533 | D:2      | Reached XP level 3. HP: 25/29 MP: 6/6
  1625 | D:2      | Found a snail-covered altar of Cheibriados.
  2500 | D:2      | Noticed Jessica
  2511 | D:2      | Killed Jessica
  2512 | D:2      | Reached XP level 4. HP: 36/36 MP: 7/7
  2767 | D:3      | Learned a level 2 spell: Wereblood
  2771 | D:3      | Learned a level 3 spell: Spider Form
  3639 | D:3      | Reached XP level 5. HP: 30/41 MP: 8/8
  4322 | D:3      | Reached skill level 4 in Unarmed Combat
  4497 | D:4      | Noticed Sigmund
  4512 | D:4      | Killed Sigmund
  4513 | D:4      | Reached XP level 6. HP: 50/50 MP: 7/10
  4937 | D:4      | Found a radiant altar of Vehumet.
  4965 | D:4      | Found a hazy altar of Hepliaklqana.
  5076 | D:4      | Reached skill level 1 in Poison Magic
  5179 | D:4      | Your scales start taking on a rich purple colour.
  5179 | D:4      | Reached XP level 7. HP: 33/57 MP: 7/12
  5457 | D:4      | Found a transporter.
  5639 | D:4      | Found a transporter.
  5789 | D:4      | Noticed Edmund
  5807 | D:4      | Killed Edmund
  5808 | D:4      | Reached skill level 5 in Unarmed Combat
  5961 | D:4      | Learned a level 4 spell: Ice Form
  5981 | D:5      | Entered Level 5 of the Dungeon
  6016 | D:5      | Reached skill level 1 in Evocations
  6104 | D:5      | Found a staircase to the Ecumenical Temple.
  6119 | Temple   | Entered the Ecumenical Temple
  6205 | Temple   | Became a worshipper of Fedhas Madash
  6235 | D:5      | Noticed Grinder
  6237 | D:5      | Paralysed by Grinder for 5 turns
  6248 | D:5      | Paralysed by Grinder for 4 turns
  6252 | D:5      | HP: 2/57 [Grinder (3)]
  6253 | D:5      | Slain by Grinder

Illustrated notes

Levels and vault maps discovered:
D:1:      lemuel_arrival_cross, layout_basic
D:2:      layout_loops_corners, okawaru_metal_pillars_1_2, cheibriados_altar_1,
          uniq_jessica
D:3:      layout_basic, cheibrodos_sewer_entry_bend
D:4:      gammafunk_cloud_chamber, layout_basic, vehumet_altar_wand_db,
          old_standard_altar, sigmund_edmund_badplayer
D:5:      layout_cave_pods, minmay_temple_entry_trees, enter_ossuary_5,
          serial_park_tiny_1, uniq_prince_ribbit1, uniq_grinder
Temple:   eino_temple_scatter_basement

Skill      XL: |  1  2  3  4  5  6  7 |
---------------+----------------------+-----
Dodging        | 2 3 |  3.3
Fighting       | 2 3 |  3.5
Transmutations | 3 4 |  4.7
Unarmed Combat | 4 5 |  5.2
Spellcasting   | 3 4 |  4.2
Poison Magic   | 1 |  1.9
Evocations     | 1 |  1.2

Action                   |  1- 3 |  4- 6 |  7- 9 || total
-------------------------+-------+-------+-------++-------
Melee: Unarmed           |   129 |   224 |    33 ||   386
       Tailslap          |    11 |    18 |     2 ||    31
       Headbutt          |     3 |     3 |     2 ||     8
       Punch             |     1 |     6 |       ||     7
       Kick              |     6 |     7 |     1 ||    14
Throw: Dart              |     1 |       |       ||     1
 Cast: Beastly Appendage |     6 |     8 |     1 ||    15
       Spider Form       |       |     2 |     4 ||     6
       Wereblood         |       |     2 |       ||     2
 Abil: Breathe Dispellin |       |       |     1 ||     1
Evoke: Wand              |       |       |     3 ||     3
  Use: Potion            |       |       |     3 ||     3
 Stab: Sleeping          |     6 |       |       ||     6
Armor: Skin              |    40 |    64 |     5 ||   109
Dodge: Dodged            |    60 |   108 |    12 ||   180

Table legend: (Time is in decaauts)
 A = Elapsed time spent in this place.
 B = Non-inter-level travel time spent in this place.
 C = Inter-level travel time spent in this place.
 D = Time resting spent in this place.
 E = Time spent auto-exploring this place.
 F = Levels seen in this place.
 G = Mean time per level.
                   A        B        C        D        E       F      G
               +--------+--------+--------+--------+--------+-----+--------+
         Total |   6229 |   6118 |    111 |   1518 |   3728 |   6 | 1038.2 |
       Dungeon |   6125 |   6039 |     86 |   1518 |   3728 |   5 | 1225.0 |
        Temple |    104 |     79 |     25 |      0 |      0 |   1 |  104.0 |
               +--------+--------+--------+--------+--------+-----+--------+

Top non-repeatable levels by time:
     D:3: 1856 daAuts
     D:4: 1523 daAuts
     D:2: 1489 daAuts
     D:1: 1088 daAuts
     D:5: 167 daAuts
  Temple: 104 daAuts
